 Dungeon Crawl Stone Soup version 0.16.2-12-gd0ad4c3 (webtiles) character file.

324 HAWKINGL3623 the Caller (level 6, -3/51 HPs)
             Began as a Naga Summoner on Jan 12, 2016.
             Was a Follower of Fedhas.
             Slain by HAWKINGL3623's ghost (25 damage)
             ... on level 3 of the Dungeon.
             The game lasted 00:24:04 (3768 turns).

HAWKINGL3623 the Caller (Naga Summoner)             Turns: 3768, Time: 00:24:04

Health: -3/51      AC:  9    Str: 11    XL:     6   Next: 48%
Magic:  7/13       EV: 10    Int: 17    God:    Fedhas [*.....]
Gold:   66         SH:  0    Dex: 11    Spells: 5 memorised, 0 levels left

rFire  . . .     SeeInvis +     k - +1 flail (holy)
rCold  . . .     Clarity  .     a - +0 robe
rNeg   . . .     SustAb   .     (no shield)
rPois  +         Gourm    .     (no helmet)
rElec  .         Spirit   .     (no cloak)
rCorr  .         Warding  .     l - +0 pair of gloves
rMut   .         Stasis   .     (no barding)
MR     .....                    (no amulet)
Stlth  +++.......               (no ring)
                                i - +5 ring of protection

@: very slightly contaminated, very slow, not resistant to hostile enchantments,
fairly stealthy
A: spit poison, see invisible, deformed body, poison resistance, slowness 2, AC
+2
a: Spit Poison, Evolution, Renounce Religion


You were on level 3 of the Dungeon.
You worshipped Fedhas.
Fedhas was aware of your devotion.
You were hungry.

You visited 1 branch of the dungeon, and saw 3 of its levels.

You collected 66 gold pieces.

Inventory:

Hand weapons
 e - a +0 whip
 k - a +1 flail of holy wrath (weapon)
Missiles
 g - 7 tomahawks (quivered)
Armour
 a - a +0 robe (worn)
 l - a +0 pair of gloves (worn)
Jewellery
 i - a +5 ring of protection (left hand)
Magical devices
 j - a wand of slowing (4)
Scrolls
 f - 2 scrolls of identify
 n - a scroll of remove curse
Books
 b - a book of Callings

   Spells                             Type                      Level
   a - Summon Small Mammal            Summoning                    1
   b - Call Imp                       Summoning                    2
   c - Call Canine Familiar           Summoning                    3
   d - Summon Guardian Golem          Hexes/Summoning              4
   e - Summon Lightning Spire         Summoning/Air                4
   f - Summon Ice Beast               Ice/Summoning                4
 h - a book of Party Tricks

   Spells                             Type                      Level
   a - Summon Butterflies             Summoning                    1
   b - Apportation                    Translocation                1
   c - Tukima's Dance                 Hexes                        3
   d - Alistair's Intoxication        Transmutation/Poison         4
   e - Invisibility                   Hexes                        6
Comestibles
 c - 4 bread rations
 d - a beef jerky


   Skills:
 + Level 1.2 Fighting
 + Level 1.7 Maces & Flails
 + Level 0.1 Throwing
 + Level 3.2 Dodging
 + Level 4.4 Stealth
 + Level 3.1 Spellcasting
 + Level 5.0 Summonings


You couldn't memorise any spells.
You knew the following spells:

 Your Spells              Type           Power        Failure   Level  Hunger
a - Summon Small Mammal   Summ           ###.         2%          1    None
b - Call Imp              Summ           ###.....     3%          2    ##.....
c - Call Canine Familiar  Summ           ###.....     10%         3    ###....
d - Summon Butterflies    Summ           ###.....     2%          1    None
e - Summon Guardian Gole  Hex/Summ       ##......     71%         4    ####...


Dungeon Overview and Level Annotations

Branches:
Dungeon (3/15)

Altars:
Fedhas
Nemelex Xobeh
The Shining One

Annotations:
D:3 HAWKINGL3623's ghost, average OgCK


Innate Abilities, Weirdness & Mutations

You cannot wear boots.
You can spit poison.
Your serpentine skin is tough (AC +2).
You have supernaturally acute eyesight.
Armour fits poorly on your strangely shaped body.
Your system is resistant to poisons.
You cover ground very slowly.


Message History

Aim: HAWKINGL3623's ghost, wielding a weapon of distortion The splash of poison hits HAWKINGL3623's ghost.
HAWKINGL3623's ghost appears unharmed.
You are feeling hungry.
You have got your breath back.
HAWKINGL3623's ghost barely misses you. HAWKINGL3623's ghost hits you!
You thump HAWKINGL3623's ghost!
HAWKINGL3623's ghost convulses!
HAWKINGL3623's ghost is moderately damaged.
HAWKINGL3623's ghost hits you.
Casting: Call Canine Familiar
Confirm with . or Enter, or press ? or * to list all spells.
You miscast Call Canine Familiar.
You are very lightly contaminated with residual magic.
Your brain hurts!
HAWKINGL3623's ghost barely misses you.
Casting: Call Canine Familiar
Confirm with . or Enter, or press ? or * to list all spells.
HAWKINGL3623's ghost hits you! Space warps horribly around you!
You die...
Fedhas appreciates your contribution to the ecosystem.

.......... ...#####.#..##.....#
........# ###.##.##.#...#.....###
........#####.##.##.#.#..........
..............##.##.#.#.#....####
..............................###
..............##.# ..........
#####.#.###.#.##h# .......
............#.##.##.#.##. ....
####...........W@........ .... #
##..####.#.##.##.#.##. .### #..#
#.#...... .. #..# #.#.##.##.. ..
#.W# #.#.#.... ... . #..#
###.#..## . #..# ...... #####..#
#.#..# .......K #.#....


You could see HAWKINGL3623's ghost and a friendly hound.

Vanquished Creatures
  Grinder (D:3)
  An orc wizard (D:3)
  Jessica (D:3)
  A gnoll (D:3)
  A shadow imp (D:3)
  An adder (D:3)
  2 worms
  A giant mite (D:1)
  2 orcs (D:3)
  4 giant cockroaches
  4 hobgoblins
  10 jackals (D:3)
  2 ball pythons (D:1)
  2 bats
  4 giant newts
  6 goblins
  6 kobolds
  2 rats (D:1)
51 creatures vanquished.

Vanquished Creatures (collateral kills)
  Terence (D:2)
  A gnoll (D:3)
  3 adders (D:2)
  2 giant geckos (D:1)
  2 orcs (D:3)
  A goblin (D:2)
  A hobgoblin (D:2)
  4 jackals (D:3)
  A quokka (D:3)
  2 ball pythons
  2 rats
20 creatures vanquished.

Vanquished Creatures (others)
  A quokka (D:1)
  A rat (D:1)
  3 butterflies (D:3)
  34 toadstools
39 creatures vanquished.

Grand Total: 110 creatures vanquished

Notes
Turn   | Place    | Note
--------------------------------------------------------------
     0 | D:1      | HAWKINGL3623, the Naga Summoner, began the quest for the Orb.
     0 | D:1      | Reached XP level 1. HP: 15/15 MP: 3/3
   598 | D:1      | Reached XP level 2. HP: 8/22 MP: 2/4
   792 | D:1      | Learned a level 2 spell: Call Imp
  1308 | D:1      | Found a glowing golden altar of the Shining One.
  1472 | D:1      | Reached XP level 3. HP: 25/28 MP: 3/6
  2011 | D:2      | Noticed Terence
  2023 | D:2      | Killed Terence
  2062 | D:2      | Reached XP level 4. HP: 36/36 MP: 3/7
  2221 | D:2      | Found a blossoming altar of Fedhas.
  2228 | D:2      | Became a worshipper of Fedhas Madash
  2369 | D:3      | Noticed Jessica
  2370 | D:3      | Killed Jessica
  2370 | D:3      | Reached skill level 1 in Maces & Flails
  2640 | D:3      | Reached XP level 5. HP: 10/43 MP: 1/9
  2645 | D:3      | Learned a level 3 spell: Call Canine Familiar
  2947 | D:3      | Learned a level 1 spell: Summon Butterflies
  2951 | D:3      | Noticed Grinder
  2951 | D:3      | Paralysed by Grinder for 3 turns
  2956 | D:3      | Paralysed by Grinder for 5 turns
  2970 | D:3      | Acquired Fedhas' first power
  2982 | D:3      | Paralysed by Grinder for 5 turns
  2988 | D:3      | Killed Grinder
  2988 | D:3      | Reached skill level 1 in Fighting
  2988 | D:3      | Reached skill level 5 in Summonings
  2988 | D:3      | Reached XP level 6. HP: 38/51 MP: 3/12
  3068 | D:3      | Learned a level 4 spell: Summon Guardian Golem
  3194 | D:3      | Noticed HAWKINGL3623's ghost (average OgCK)
  3738 | D:3      | Found a sparkling altar of Nemelex Xobeh.
  3768 | D:3      | Slain by HAWKINGL3623's ghost

Action                   |  1- 3 |  4- 6 || total
-------------------------+-------+-------++-------
Melee: Whip              |    49 |       ||    49
       Unarmed           |     1 |       ||     1
       Flail             |     1 |   112 ||   113
Throw: Tomahawk          |     5 |     2 ||     7
 Cast: Summon Small Mamm |     9 |       ||     9
       Call Imp          |     9 |    13 ||    22
       Call Canine Famil |       |     3 ||     3
       Summon Butterflie |       |     2 ||     2
 Abil: Spit Poison       |    19 |    11 ||    30
  Use: Scroll            |     3 |     1 ||     4
       Potion            |     1 |     2 ||     3
 Stab: Sleeping          |     1 |     1 ||     2
       Distracted        |       |     2 ||     2
  Eat: Chunk             |     4 |       ||     4
       Pizza             |     1 |     1 ||     2
       Meat ration       |       |     1 ||     1
